 Dungeon Crawl Stone Soup version 0.31-a0-229-g1fc7ce93e2 (webtiles) character file.

Game seed: 16336529622129261813

124 qw the Shooter (level 5, 0/30 HPs)
             Began as a Gargoyle Hexslinger on July 6, 2023.
             Was an Initiate of Okawaru.
             Slain by Ijyb
             ... wielding a +6 dagger of speed
              (9 damage)
             ... on level 4 of the Dungeon.
             The game lasted 00:00:54 (2046 turns).

qw the Shooter (Gargoyle Hexslinger)                Turns: 2046, Time: 00:00:54

Health: 0/30       AC: 12    Str: 11    XL:     5   Next: 8%
Magic:  6/6        EV: 10    Int: 14    God:    Okawaru [......]
Gold:   81         SH:  0    Dex: 14    Spells: 5/6 levels left

rFire   . . .        Y - +0 arbalest
rCold   . . .        (shield currently unavailable)
rNeg    + . .        c - +0 ring mail
rPois   inf          (no helmet)
rElec   +            (no cloak)
rCorr   .            b - +2 pair of gloves
SInv    .            (no boots)
Will    .....        (no amulet)
Stlth   +            (no ring)
HPRegen 0.25/turn    (no ring)
MPRegen 0.10/turn

%: no passive effects
@: no status effects
A: sickness immunity, AC +4, negative energy resistance 1, electricity
resistance, torment resistance 1, petrification resistance
a: Renounce Religion


You were on level 4 of the Dungeon.
You worshipped Okawaru.
Okawaru was noncommittal.
You visited 1 branch of the dungeon, and saw 4 of its levels.

You collected 150 gold pieces.
You spent 69 gold pieces at shops.


Innate Abilities, Weirdness & Mutations

You are immune to sickness and miasma.
Your stone body is resilient. (AC +4)
You are immune to poison.
You resist negative energy. (rN+)
You are resistant to electric shocks. (rElec)
You are resistant to unholy torment.
You are immune to petrification.


   Skills:
 - Level 2.0 Fighting
 + Level 4.6 Ranged Weapons
 - Level 1.2 Armour
 - Level 1.5 Dodging
 - Level 1.0 Spellcasting
 - Level 2.6 Hexes


You had 5 spell levels left.
You knew the following spells:

 Your Spells              Type           Power      Damage    Failure   Level
a - Slow                  Hex            32%        N/A       21%         1

Your spell library contained the following spells:

 Spells                   Type           Power      Damage    Failure   Level
 Inner Flame              Hex/Fire       4%         N/A       71%         3
 Portal Projectile        Hex/Tloc       8%         N/A       71%         3
 Cause Fear               Hex            4%         N/A       90%         4

Inventory:

Hand Weapons
 Y - a +0 arbalest (weapon)
Armour
 b - a +2 pair of gloves (worn)
 c - a +0 ring mail (worn)
Scrolls
 a - a scroll of identify
Potions
 e - a potion of cancellation
 f - 2 potions of enlightenment
 h - a potion of degeneration {unknown}

Dungeon Overview and Level Annotations

Branches:
Dungeon (4/15)
 Temple: D:4-7

Altars:
Nemelex Xobeh
Okawaru
The Shining One

Shops:
D:3 *

Annotations:
D:4 1 runed translucent door, Ijyb


Message History

Enter note:
Enter note: You now have 81 gold pieces (gained 16).
Ijyb the Twisted Goblin comes into view.
She is wielding a +6 dagger of speed and carrying a wand of digging (5).
Ijyb shouts!
Enter note:
Enter note: You shoot a bolt.
The bolt misses Ijyb.
You shoot a bolt. The bolt hits Ijyb but does no damage.
You shoot a bolt. The bolt closely misses Ijyb.
You shoot a bolt. The bolt hits Ijyb!
Ijyb is heavily wounded.
Ijyb closely misses you. Ijyb hits you but does no damage.
You shoot a bolt. The bolt barely misses Ijyb.
Ijyb hits you but does no damage.
Ijyb hits you with a +6 dagger of speed!
Ijyb hits you but does no damage.
You shoot a bolt. The bolt hits Ijyb but does no damage.
Ijyb is heavily wounded.
Ijyb barely misses you. x2
Ijyb grins evilly.
Ijyb hits you but does no damage.
You shoot a bolt. The bolt misses Ijyb.
Ijyb hits you with a +6 dagger of speed!
Ijyb hits you with a +6 dagger of speed. x2
You shoot a bolt. The bolt barely misses Ijyb.
Ijyb hits you with a +6 dagger of speed.
Ijyb hits you but does no damage.
You shoot a bolt. The bolt closely misses Ijyb.
Ijyb hits you but does no damage. x2; Ijyb barely misses you.
You shoot a bolt. The bolt closely misses Ijyb.
Ijyb closely misses you. x3
You shoot a bolt. The bolt hits Ijyb.
Ijyb is severely wounded.
Ijyb hits you but does no damage. Ijyb barely misses you.
You shoot a bolt. The bolt closely misses Ijyb.
Ijyb screams, "I cut your head off!" Ijyb hits you but does no damage.
Ijyb hits you with a +6 dagger of speed!
You die...

#...............#.......
##......................
#...<..................
<.......#............
..............[...
..............##+
...!........###
......###....##
............@?#
.....###....g.#
.....#....#...# ..#
#....+...# #....#....
#........... #....
....... ........


You could see Ijyb.

Vanquished Creatures
  An orc priest (D:3)
  2 adders (D:3)
  A white imp (D:3)
  A worm (D:2)
  A dart slug (D:1)
  2 orcs (D:3)
  5 endoplasms
  5 goblins
  5 hobgoblins
  4 jackals (D:1)
  3 quokkas
  10 ball pythons
  5 bats
  A frilled lizard (D:1)
  A goblin skeleton (D:3)
  3 goblin zombies (D:3)
  A hobgoblin zombie (D:3)
  5 kobolds
  A kobold skeleton (D:3)
  A kobold zombie (D:3)
  An orc skeleton (D:3)
  An orc zombie (D:3)
  3 rats
63 creatures vanquished.

Notes
Turn   | Place    | Note
-------+----------+-------------------------------------------
     0 | D:1      | qw the Gargoyle Hexslinger began the quest for the Orb.
     0 | D:1      | Reached XP level 1. HP: 12/12 MP: 2/2
     0 | D:1      | 0 ||| qw: Version: 0.3-a-46-gb1f654a
     0 | D:1      | 0 ||| qw: Game counter: 1600
     0 | D:1      | 0 ||| qw: Melee chars always use a shield: true
     0 | D:1      | 0 ||| qw: God list: Okawaru
     0 | D:1      | 0 ||| qw: Allow faded altars: false
     0 | D:1      | 0 ||| qw: Do Orc after clearing Dungeon:15 true
     0 | D:1      | 0 ||| qw: Do second Lair branch before Depths: true
     0 | D:1      | 0 ||| qw: Lair rune preference: random
     0 | D:1      | 0 ||| qw: Goals: Normal
     0 | D:1      | 0 ||| PLANNING D:1-11
    49 | D:1      | 49 ||| FLEEEEING.
    93 | D:1      | Reached XP level 2. HP: 15/16 MP: 3/3
   103 | D:1      | Reached skill level 3 in Ranged Weapons
   211 | D:1      | Found a faded altar of an unknown god.
   331 | D:1      | Reached XP level 3. HP: 15/21 MP: 4/4
   515 | D:1      | 515 ||| UPGRADING to +0 leather armour.
   525 | D:1      | 525 ||| DROPPING +0 robe.
   526 | D:1      | 526 ||| READING 3 scrolls labelled UCUHAT DONENE.
   527 | D:1      | 527 ||| READING scroll labelled YDWA HIWA GOIQ.
   528 | D:1      | 528 ||| READING scroll labelled IPPYAF MIECA.
   529 | D:1      | 529 ||| READING scroll labelled IHU NO WUCAWK.
   530 | D:1      | 530 ||| READING scroll labelled OBEM TI MUYCWE.
   531 | D:1      | 531 ||| READING scroll labelled VOAQEXK IGHA.
   535 | D:1      | 535 ||| READING 2 scrolls of identify.
   535 | D:1      | 535 ||| IDENTIFYING puce potion
   536 | D:1      | 536 ||| DROPPING scroll of poison.
   938 | D:2      | Found an iron altar of Okawaru.
   939 | D:2      | 939 ||| PLANNING OKAWARU WORSHIP
   939 | D:2      | 939 ||| UPGRADING to +0 ring mail.
   949 | D:2      | 949 ||| DROPPING +0 leather armour.
   950 | D:2      | 950 ||| READING scroll labelled YGAONLOILA.
   951 | D:2      | 951 ||| READING 2 scrolls of identify.
   951 | D:2      | 951 ||| IDENTIFYING brown potion
   952 | D:2      | 952 ||| DROPPING potion of invisibility.
   960 | D:2      | Became a worshipper of Warmaster Okawaru
   961 | D:2      | 961 ||| PLANNING D:1-11
  1202 | D:2      | 1202 ||| UPGRADING to +2 pair of gloves.
  1279 | D:3      | Found Qoamuel's Assorted Antiques.
  1295 | D:3      | 1295 ||| BUYING blue potion (23 gold).
  1295 | D:3      | Bought a blue potion for 23 gold pieces
  1295 | D:3      | 1295 ||| SHOPLISTING fading scarf (260 gold, have 47).
  1295 | D:3      | 1295 ||| BUYING fuming dark potion (23 gold).
  1295 | D:3      | Bought a fuming dark potion for 23 gold pieces
  1295 | D:3      | 1295 ||| BUYING fuming dark potion (23 gold).
  1295 | D:3      | Bought a fuming dark potion for 23 gold pieces
  1295 | D:3      | 1295 ||| SHOPLISTING scroll labelled EMODGH INUNUTT (26
                  | gold, have 1).
  1295 | D:3      | 1295 ||| SHOPLISTING scroll labelled HAXIL CELIHEA (26
                  | gold, have 1).
  1295 | D:3      | 1295 ||| SHOPLISTING scroll of identify (52 gold, have 1).
  1295 | D:3      | 1295 ||| SHOPLISTING turquoise-studded leather armour (182
                  | gold, have 1).
  1295 | D:3      | 1295 ||| SHOPLISTING worn fluorescent wand (104 gold, have
                  | 1).
  1385 | D:3      | Found a glowing golden altar of the Shining One.
  1405 | D:3      | HP: 5/21 [white imp (5)]
  1407 | D:3      | Reached skill level 1 in Armour
  1414 | D:3      | Reached XP level 4. HP: 10/26 MP: 5/5
  1490 | D:3      | 1490 ||| SWAPPING to +0 arbalest.
  1491 | D:3      | 1491 ||| DROPPING +2 sling.
  1553 | D:3      | Found a sparkling altar of Nemelex Xobeh.
  1571 | D:3      | Reached skill level 4 in Ranged Weapons
  1689 | D:3      | Reached XP level 5. HP: 30/30 MP: 6/6
  1929 | D:3      | 1929 ||| READING scroll labelled CEH GOYSUO.
  1930 | D:3      | 1930 ||| DRINKING 2 fuming dark potions.
  1960 | D:3      | 1960 ||| READING 2 scrolls of identify.
  1960 | D:3      | 1960 ||| IDENTIFYING blue potion
  1961 | D:3      | 1961 ||| DROPPING potion of lignification.
  2023 | D:4      | Found a runed translucent door.
  2034 | D:4      | Noticed Ijyb
  2042 | D:4      | HP: 7/30 [Ijyb/+6 dagger of speed (4)]
  2046 | D:4      | Slain by Ijyb

Levels and vault maps discovered:
D:1:      scummos_arrival_forest, layout_basic,
          dreamdust_ecumenical_altar_hidden_monk_grotto,
          nicolae_twisty_statue_hallways
D:2:      layout_loops_ring, basic_altar
D:3:      layout_basic, nicolae_tso_besieged_by_evil,
          nemelex_xobeh_ov_fountains_minmay, serial_shops,
          nicolae_shop_gibbet_a_chance
D:4:      lemuel_castle_with_subvaults [lemuel_castle_interior_carwin_2],
          layout_basic, mainiacjoe_overflow_small_starburst,
          minmay_temple_entry_waves, ebering_ghost_reflecting_pool, uniq_ijyb

Skill      XL: |  1  2  3  4 |
---------------+-------------+-----
Ranged Weapons | 3 4 |  4.6
Fighting       | 2 |  2.0
Armour         | 1 |  1.2
Dodging        | |  1.5
Spellcasting   | |  1.0
Hexes          | |  2.6

Action                     |  1- 3 |  4- 6 || total
---------------------------+-------+-------++-------
   Fire: Sling             |   128 |     5 ||   133
         Arbalest          |       |    69 ||    69
    Use: Scroll            |     9 |     2 ||    11
         Potion            |       |     1 ||     1
 Armour: Robe              |    13 |       ||    13
         Ring mail         |    21 |    37 ||    58
         Leather armour    |     1 |       ||     1
  Dodge: Dodged            |    30 |    42 ||    72

Table legend:
 A = Non-vault XP
 B = Vault XP
 C = Vault XP percentage of total XP
 D = Non-vault monster count
 E = Vault monster count
 F = Vault count percentage of total count
                 A         B        C        D         E       F
            +---------+---------+-------+---------+---------+-------
      Total |     159 |      19 |  10.7 |      53 |      10 |  15.9
            +---------+---------+-------+---------+---------+-------
        D:1 |      46 |       0 |   0.0 |      25 |       0 |   0.0
        D:2 |      13 |       0 |   0.0 |       6 |       0 |   0.0
        D:3 |      98 |      19 |  16.2 |      21 |      10 |  32.3
        D:4 |       2 |       0 |   0.0 |       1 |       0 |   0.0
            +---------+---------+-------+---------+---------+-------
